 Dungeon Crawl Stone Soup version 0.31.0-4-g52a2dc7128 (webtiles) character file.

Game seed: 866766796357442798

833 bpung the Changeling (level 7, -1/67 HPs)
             Began as a Troll Shapeshifter on Jan 20, 2024.
             Was a Believer of Uskayaw.
             Slain by Maggie
             ... wielding a +0 morningstar of flaming
              (9 damage)
             ... on level 6 of the Dungeon on Jan 21, 2024.
             The game lasted 00:06:52 (3206 turns).

bpung the Changeling (Troll Shapeshifter)           Turns: 3206, Time: 00:06:54

Health: -1/67      AC:  4    Str: 25    XL:     7   Next: 65%
Magic:  6/6        EV: 10    Int:  6    God:    Uskayaw [**....]
Gold:   202        SH:  0    Dex:  9    Spells: 6/6 levels left

rFire   . .          .
                       - Unarmed
rCold   . . .        (no shield)
rNeg    . . .        a - +0 animal skin
rPois   .            (helmet currently unavailable)
rElec   .            (cloak currently unavailable)
rCorr   .            (gloves unavailable)
SInv    .            (boots unavailable)
Will    .....        (no amulet)
Stlth   +            (no ring)
HPRegen 1.11/turn    (no ring)
MPRegen 0.10/turn

%: no passive effects
@: lethally poisoned (-1 -> -7), beast-form
A: beast (slay +3), large, unfitting armour, claws 3, regeneration 1, shaggy fur
1, tough skin 1
a: Begin Untransformation, Renounce Religion, Stomp, Line Pass


You were on level 6 of the Dungeon.
You worshipped Uskayaw.
Uskayaw was noncommittal.
You were a hulking beast.
You visited 1 branch of the dungeon, and saw 5 of its levels.

You collected 202 gold pieces.

Inventory:

Armour
 a - a +0 animal skin (worn)
Jewellery
 g - an amulet of regeneration
Talismans
 c - a beast talisman
 d - a flux talisman
Wands
 n - a wand of light (5)
Scrolls
 e - 2 scrolls of poison {unknown}
 f - a scroll of teleportation {unknown}
 j - 4 scrolls of identify {unknown}
 l - 4 scrolls of amnesia {unknown}
 m - a scroll of enchant armour {unknown}
 o - a scroll of brand weapon {unknown}
 p - a scroll of vulnerability {unknown}
 q - a scroll of butterflies {unknown}
Potions
 b - a potion of lignification
 h - a potion of attraction {unknown}
 k - a potion of haste {unknown}
 r - a potion of berserk rage {unknown}
 s - a potion of magic {unknown}


   Skills:
 + Level 3.1 Fighting
 + Level 3.4 Dodging
 + Level 4.8 Unarmed Combat
 * Level 5.8 Shapeshifting


You had 6 spell levels left.
You didn't know any spells.
Your spell library contained the following spells:

 Spells                   Type           Power      Damage    Failure   Level
 Gell's Gravitas          Tloc           0%         N/A       83%         3
 Ozocubu's Armour         Ice            0%         N/A       83%         3
 Teleport Other           Tloc           0%         N/A       83%         3
 Tukima's Dance           Hex            0%         N/A       83%         3
 Dimensional Bullseye     Hex/Tloc       0%         N/A       99%         4
 Iskenderun's Mystic Bla  Conj/Tloc      0%         2d3       99%         4
 Metabolic Englaciation   Hex/Ice        0%         N/A       100%        5
 Dispersal                Tloc           0%         N/A       100%        6
 Sculpt Simulacrum        Ice/Alch       0%         N/A       100%        6


Dungeon Overview and Level Annotations

Branches:
Dungeon (6/15)
 Temple: D:4-7

Altars:
Cheibriados
Nemelex Xobeh
Uskayaw
Wu Jian
The Shining One

Shops:
D:5 [

Annotations:
D:6 Maggie


Innate Abilities, Weirdness & Mutations

You are a hulking beast.
Your limbs bulge with bestial killing power. (Slay +3)
You are too large for most types of armour.
You have claws for hands.
Your natural rate of healing is unusually fast.
You are covered in fur. (AC +1)
You have tough skin. (AC +1)


Message History

You scratch Maggie.
Maggie is moderately wounded.
The scorpion barely misses you.
Maggie hits you with a +0 morningstar of flaming!
Maggie burns you. The scorpion stings you.
You are poisoned.
The scorpion poisons you!
You closely miss Maggie.
Maggie is moderately wounded.
You feel very sick.
Maggie hits you with a +0 morningstar of flaming!
* * * LOW HITPOINT WARNING * * *
Maggie burns you.
* * * LOW HITPOINT WARNING * * *
The scorpion stings you.
* * * LOW HITPOINT WARNING * * *
You are lethally poisoned!
The scorpion poisons you!
You feel better. Maggie completely misses you.
The scorpion stings you but does no damage.
Maggie closely misses you.
You cannot move away from Maggie!
You cannot move away from Maggie!
You claw Maggie!
Maggie is heavily wounded.
You break out of your daze.
The scorpion closely misses you.
Maggie hits you with a +0 morningstar of flaming!
* * * LOW HITPOINT WARNING * * *
Maggie burns you.
* * * LOW HITPOINT WARNING * * *
You can now pass through a line of other dancers.
You claw Maggie!
Maggie is severely wounded.
The scorpion stings you.
* * * LOW HITPOINT WARNING * * *
You are poisoned.
The scorpion poisons you!
Maggie hits you with a +0 morningstar of flaming!
You die...

....##......^^.##....#
....#...#####...#....#
....##.'#.#.#'^##....#
.....###..#..###..####
.........###.....##
..).#.#......#.#.#
..........(###.#.#
........#### #.#.#
........# ####.#h###.#
........# #.....s@...#
........# #....#.#####
........# #....#.#
##....... #....#.#
##'## #....#.# ..
#....#.. .. .....#..
.. #.....#..


You could see Maggie and a scorpion.

Vanquished Creatures
  A water moccasin (D:5)
  A black bear (D:6)
  A centaur (D:5)
  An ogre (D:5)
  Blork the orc (D:6)
  A scorpion (D:5)
  A bombardier beetle (D:5)
  A jelly (D:6)
  An orc priest (D:5)
  An iguana (D:6)
  3 orc wizards
  5 adders
  5 ribbon worms
  2 dart slugs (D:2)
  13 orcs
  5 endoplasms
  5 giant cockroaches
  5 goblins
  4 hobgoblins
  4 jackals (D:1)
  6 quokkas
  A ball python (D:2)
  7 bats
  9 frilled lizards
  10 kobolds
  10 rats
104 creatures vanquished.

Notes
Turn   | Place    | Note
-------+----------+-------------------------------------------
     0 | D:1      | bpung the Troll Shapeshifter began the quest for the Orb.
     0 | D:1      | Reached XP level 1. HP: 18/18 MP: 0/0
    55 | D:1      | Reached skill level 1 in Fighting
    59 | D:1      | Reached XP level 2. HP: 23/27 MP: 1/1
   307 | D:1      | Found a faded altar of an unknown god.
   590 | D:1      | Reached XP level 3. HP: 33/33 MP: 2/2
  1435 | D:2      | Reached XP level 4. HP: 40/41 MP: 3/3
  1794 | D:3      | Reached skill level 4 in Shapeshifting
  1800 | D:3      | Reached XP level 5. HP: 41/49 MP: 4/4
  1858 | D:3      | Upgraded the game from 0.31.0-2-g5a2aebc5c2 to
                  | 0.31.0-4-g52a2dc7128
  2020 | D:3      | You fall into a shaft and drop 2 floors!
  2020 | D:5      | Entered Level 5 of the Dungeon
  2024 | D:5      | Noticed a centaur
  2030 | D:5      | Killed a centaur
  2116 | D:5      | Found a glowing golden altar of the Shining One.
  2200 | D:5      | Found a snail-covered altar of Cheibriados.
  2207 | D:5      | Reached XP level 6. HP: 52/57 MP: 5/5
  2260 | D:5      | Noticed a water moccasin
  2267 | D:5      | Killed a water moccasin
  2281 | D:5      | Reached skill level 5 in Shapeshifting
  2383 | D:5      | Found Veym Boe's Antique Armour Emporium.
  2437 | D:5      | Reached XP level 7. HP: 23/66 MP: 6/6
  2669 | D:5      | Found an ornate altar of the Wu Jian Council.
  2940 | D:6      | Found a hide-covered altar of Uskayaw.
  2949 | D:6      | Noticed Blork the orc
  2964 | D:6      | Killed Blork the orc
  3095 | D:6      | Became a worshipper of Uskayaw the Reveller
  3143 | D:6      | Reached * piety under Uskayaw
  3180 | D:6      | Found a sparkling altar of Nemelex Xobeh.
  3195 | D:6      | Noticed Maggie
  3205 | D:6      | Reached ** piety under Uskayaw
  3206 | D:6      | Slain by Maggie

Illustrated notes

Levels and vault maps discovered:
D:1:      dpeg_arrival_arbitrary_a, layout_basic, basic_ecumenical_altar,
          chequers_serial_rivers_small_b
D:2:      minmay_skewed_foursquare, layout_loops_ring, minmay_strange_pillars,
          st_stairs_2
D:3:      layout_basic
D:5:      layout_loops_ring, chei_slow_surprise,
          nicolae_wu_jian_immortal_techniques, mainiacjoe_overflow_24_doors,
          serial_shops, shop
D:6:      layout_basic, nemelex_spade_bored_becter, overflow_temple_1_default,
          uniq_maggie, uniq_blork_the_orc

Skill      XL: |  1  2  3  4  5  6  7 |
---------------+----------------------+-----
Fighting       | 1 2 3 |  3.1
Dodging        | 2 3 |  3.4
Shapeshifting  | 4 5 |  5.8
Unarmed Combat | 4 |  4.8

Action                     |  1- 3 |  4- 6 |  7- 9 || total
---------------------------+-------+-------+-------++-------
  Melee: Unarmed           |   122 |    83 |    59 ||   264
         Punch             |       |       |     1 ||     1
    Use: Potion            |       |       |     2 ||     2
 Armour: Animal skin       |    81 |    45 |    55 ||   181
  Dodge: Dodged            |    46 |    34 |    23 ||   103
